Sabres vs Flyers

Created - 4 octobre 2019 at 13:28

Simulating a Pre-Season

Goals
1 2 3 T
Sabres 2 1 0 3
Flyers 0 0 1 1
Shots
1 2 3 T
Sabres 6 15 11 32
Flyers 13 6 12 31

1st period

1. Sabres , Andre Burakovsky 1 (Joonas Donskoi 2) at 4:19
2. Sabres , David Backes 3 (Andrew Copp 3, Clayton Keller 1) at 10:57

Penalties :
Erik Gudbranson (BUF) for Delaying the game (Minor) at 1:40, Vincent Trocheck (PHI) for Slashing (Minor) at 4:39

2nd period

3. Sabres , Andre Burakovsky 2 (Ryan Carpenter 1) at 18:33

Penalties :
Rickard Rakell (BUF) for Hooking (Minor) at 3:29

3rd period

4. Flyers , Kevin Fiala 3 (Sean Kuraly 2, Calle Jarnkrok 2) at 12:42

Penalties :
No Penalty

Goalie Stats

Pheonix Copley (BUF), 30 saves from 31 shots - (0,968), W, 5-4-1, 60:00 minutes
Matt Murray (PHI), 29 saves from 32 shots - (0,906), L, 4-4-0, 60:00 minutes

Players Stats for Sabres

Player Name              G  A  P  +/- PIM S  H  SB GA TA FO     MP     PP MP  PK MP  
------------------------------------------------------------------------------------
Andre Burakovsky         2  0  2   1  0   4  0  3  0  0  0/0    10:52   0:00   0:40 
Andrew Copp              0  1  1   1  0   2  0  0  1  0  1/2    13:01   0:00   0:00 
Andrew MacDonald         0  0  0   1  0   0  0  1  0  0  0/0     6:19   0:00   0:15 
Clayton Keller           0  1  1   1  0   2  1  0  1  0  4/8    13:37   0:00   0:26 
David Backes             1  0  1   1  0   2  3  0  0  0  0/0    13:58   0:00   0:45 
Erik Gudbranson          0  0  0   2  2   0  0  0  1  0  0/0    19:06   0:49   0:42 
Filip Hronek             0  0  0  -1  0   0  0  0  0  0  0/0    12:24   0:00   0:41 
Ivan Provorov            0  0  0   0  0   0  5  3  0  1  0/0    22:14   1:10   2:20 
Joonas Donskoi           0  1  1   1  0   1  0  0  0  0  0/0     9:55   0:00   0:00 
Josh Anderson            0  0  0   0  0   3  1  0  0  1  0/3    13:53   0:51   0:00 
Kevin Hayes              0  0  0   0  0   3  1  0  1  0  13/23  20:57   1:08   2:01 
Kevin Shattenkirk        0  0  0   2  0   2  1  1  0  3  0/0    20:03   0:49   1:38 
Madison Bowey            0  0  0   1  0   0  0  1  0  0  0/0     6:04   0:00   0:00 
Paul Stastny             0  0  0   0  0   1  3  1  0  2  6/11   15:53   0:51   2:01 
Rasmus Dahlin            0  0  0  -1  0   0  0  0  0  0  0/0    11:39   0:00   0:00 
Rickard Rakell           0  0  0   0  2   5  0  0  0  0  0/0    19:46   1:08   0:46 
Roman Josi               0  0  0   0  0   1  1  0  2  0  0/0    22:14   1:10   2:20 
Ryan Carpenter           0  1  1   1  0   0  0  1  1  1  0/2     9:55   0:00   0:00 
Viktor Arvidsson         0  0  0   0  0   4  1  1  0  1  0/1    20:18   1:08   1:17 
Zach Hyman               0  0  0   0  0   2  3  0  0  0  0/4    13:52   0:51   0:00 

Players Stats for Flyers

Player Name              G  A  P  +/- PIM S  H  SB GA TA FO     MP     PP MP  PK MP  
------------------------------------------------------------------------------------
Brandon Montour          0  0  0  -2  0   3  0  2  0  0  0/0    24:02   2:13   0:00 
Calle Jarnkrok           0  1  1   1  0   3  0  2  0  0  1/2     9:13   0:01   1:04 
Casey Cizikas            0  0  0  -1  0   1  2  1  0  0  4/7    13:29   0:00   1:04 
Filip Forsberg           0  0  0  -2  0   1  3  0  1  0  0/0    19:20   2:17   0:00 
Jakub Vrana              0  0  0   0  0   1  0  1  2  0  0/2    18:06   1:40   0:00 
Justin Faulk             0  0  0   0  0   1  1  2  0  3  0/0    21:08   1:45   0:40 
Kevin Fiala              1  0  1   1  0   2  0  0  0  0  0/0     7:34   0:00   0:00 
Kevin Labanc             0  0  0  -1  0   1  1  0  0  0  1/1    13:00   0:01   0:00 
Leon Draisaitl           0  0  0  -2  0   5  3  1  1  0  7/12   19:20   2:17   0:00 
Mike Matheson            0  0  0   0  0   1  1  1  0  0  0/0    21:08   1:45   0:40 
Nikita Zadorov           0  0  0   0  0   0  0  2  0  0  0/0    14:50   0:00   1:19 
Patrick Kane             0  0  0  -2  0   2  1  0  0  0  0/0    19:20   2:17   0:00 
Rasmus Ristolainen       0  0  0  -2  0   0  4  1  0  2  0/0    24:02   2:13   0:00 
Scott Laughton           0  0  0  -1  0   4  1  0  0  0  0/0    13:39   0:00   0:55 
Sean Kuraly              0  1  1   1  0   0  0  0  0  1  4/4     8:30   0:00   0:55 
T.J. Brodie              0  0  0   0  0   0  0  0  0  1  0/0    14:50   0:00   1:19 
Travis Konecny           0  0  0   0  0   1  1  0  4  0  0/2    18:06   1:40   0:00 
Vincent Trocheck         0  0  0   0  2   5  3  1  1  0  13/24  18:23   1:41   0:00 

3 Stars

1 - Andre Burakovsky (BUF)
2 - Pheonix Copley (BUF)
3 - David Backes (BUF)

Power Play

Sabres - 0 on 1 Attempt(s) - 0,00%
Flyers - 0 on 2 Attempt(s) - 0,00%

Penalty Kill

Sabres - 2 on 2 Attempt(s) - 100,00% - Score 0 goal in Penalty Kill
Flyers - 1 on 1 Attempt(s) - 100,00% - Score 0 goal in Penalty Kill

Team Stat

Sabres - Hits : 20 - Faceoff Wins : 24 - Blocked Shots : 12 - Penalty Minutes : 4
Flyers - Hits : 21 - Faceoff Wins : 30 - Blocked Shots : 14 - Penalty Minutes : 2

Official

Referees : Greg Kimmerly and Dean Morton
Linesman : Mike Cvik and Matt MacPherson

Game Notes

No Game Note

Sabres

5 vs 5 Forward 
   Center                   Left Wing                Right Wing               Time % Phy DF OF 
 1 Kevin Hayes              Rickard Rakell           Viktor Arvidsson         40     1   2  2  
 2 Paul Stastny             Josh Anderson            Zach Hyman               30     1   2  2  
 3 Clayton Keller           Andrew Copp              David Backes             20     1   2  2  
 4 Ryan Carpenter           Joonas Donskoi           Andre Burakovsky         10     1   2  2  

5 vs 5 Defense 
   Defense                  Defense                                           Time % Phy DF OF 
 1 Ivan Provorov            Roman Josi                                        40     1   2  2  
 2 Kevin Shattenkirk        Erik Gudbranson                                   30     1   2  2  
 3 Rasmus Dahlin            Filip Hronek                                      20     1   2  2  
 4 Andrew MacDonald         Madison Bowey                                     10     1   2  2  

PowerPlay Forward 
   Center                   Left Wing                Right Wing               Time % Phy DF OF 
 1 Kevin Hayes              Rickard Rakell           Viktor Arvidsson         60     1   2  2  
 2 Paul Stastny             Josh Anderson            Zach Hyman               40     1   2  2  

PowerPlay Defense
   Defense                  Defense                                           Time % Phy DF OF 
 1 Ivan Provorov            Roman Josi                                        60     1   2  2  
 2 Kevin Shattenkirk        Erik Gudbranson                                   40     1   2  2  

Penalty Kill 4 Players Forward 
   Center                   Wing                     Time % Phy DF OF 
 1 Kevin Hayes              Paul Stastny             60     1   2  2  
 2 Rickard Rakell           Viktor Arvidsson         40     1   2  2  

Penalty Kill 4 Players Defense
   Defense                  Defense                  Time % Phy DF OF 
 1 Ivan Provorov            Roman Josi               60     1   2  2  
 2 Kevin Shattenkirk        Erik Gudbranson          40     1   2  2  

Penalty Kill - 3 Players Forward 
   Forward                                           Time % Phy DF OF 
 1 Kevin Hayes                                       60     1   2  2  
 2 Paul Stastny                                      40     1   2  2  

Penalty Kill - 3 Players Defense
   Defense                  Defense                  Time % Phy DF OF 
 1 Ivan Provorov            Roman Josi               60     1   2  2  
 2 Kevin Shattenkirk        Erik Gudbranson          40     1   2  2  

4 vs 4 Forward 
   Center                   Wing                     Time % Phy DF OF 
 1 Kevin Hayes              Paul Stastny             60     1   2  2  
 2 Rickard Rakell           Viktor Arvidsson         40     1   2  2  

4 vs 4 Defense
   Defense                  Defense                  Time % Phy DF OF 
 1 Ivan Provorov            Roman Josi               60     1   2  2  
 2 Kevin Shattenkirk        Erik Gudbranson          40     1   2  2  

Last Minutes Offensive
   Center                   Left Wing                Right Wing               Defense                  Defense                  
   Kevin Hayes              Rickard Rakell           Viktor Arvidsson         Ivan Provorov            Roman Josi               

Last Minutes Defensive
   Center                   Left Wing                Right Wing               Defense                  Defense                  
   Kevin Hayes              Rickard Rakell           Viktor Arvidsson         Ivan Provorov            Roman Josi               

Goaltenders
Starting : Pheonix Copley           
Backup : Martin Jones             

Extra Forwards
Normal : Clayton Keller, Andrew Copp, David Backes - PP : Clayton Keller, Andrew Copp - PK : David Backes
Extra Defensemen
Normal : Rasmus Dahlin, Filip Hronek, Andrew MacDonald - PP : Rasmus Dahlin - PK : Filip Hronek, Andrew MacDonald
Penalty Shots
Kevin Hayes, Paul Stastny, Rickard Rakell, Viktor Arvidsson, Josh Anderson
Custom OT Lines Forwards
Kevin Hayes, Paul Stastny, Rickard Rakell, Viktor Arvidsson, Josh Anderson, Zach Hyman, Clayton Keller, Andrew Copp, David Backes, Joonas Donskoi
Custom OT Lines Defensemen
Ivan Provorov, Roman Josi, Kevin Shattenkirk, Erik Gudbranson, Rasmus Dahlin

Scratches
James Reimer (Healthy)

Flyers

5 vs 5 Forward 
   Center                   Left Wing                Right Wing               Time % Phy DF OF 
 1 Leon Draisaitl           Filip Forsberg           Patrick Kane             34     0   2  3  
 2 Vincent Trocheck         Jakub Vrana              Travis Konecny           31     0   2  3  
 3 Casey Cizikas            Scott Laughton           Kevin Labanc             25     1   2  2  
 4 Sean Kuraly              Kevin Fiala              Calle Jarnkrok           10     1   2  2  

5 vs 5 Defense 
   Defense                  Defense                                           Time % Phy DF OF 
 1 Brandon Montour          Rasmus Ristolainen                                40     1   2  2  
 2 Justin Faulk             Mike Matheson                                     35     1   2  2  
 3 Nikita Zadorov           T.J. Brodie                                       25     1   4  0  
 4 Justin Faulk             Brandon Montour                                   0      1   2  2  

PowerPlay Forward 
   Center                   Left Wing                Right Wing               Time % Phy DF OF 
 1 Leon Draisaitl           Patrick Kane             Filip Forsberg           55     0   0  5  
 2 Vincent Trocheck         Jakub Vrana              Travis Konecny           45     0   0  5  

PowerPlay Defense
   Defense                  Defense                                           Time % Phy DF OF 
 1 Brandon Montour          Rasmus Ristolainen                                55     0   1  4  
 2 Justin Faulk             Mike Matheson                                     45     0   1  4  

Penalty Kill 4 Players Forward 
   Center                   Wing                     Time % Phy DF OF 
 1 Calle Jarnkrok           Casey Cizikas            55     1   4  0  
 2 Scott Laughton           Sean Kuraly              45     1   4  0  

Penalty Kill 4 Players Defense
   Defense                  Defense                  Time % Phy DF OF 
 1 Mike Matheson            Justin Faulk             55     1   4  0  
 2 T.J. Brodie              Nikita Zadorov           45     1   4  0  

Penalty Kill - 3 Players Forward 
   Forward                                           Time % Phy DF OF 
 1 Casey Cizikas                                     55     0   5  0  
 2 Scott Laughton                                    45     0   5  0  

Penalty Kill - 3 Players Defense
   Defense                  Defense                  Time % Phy DF OF 
 1 Mike Matheson            Justin Faulk             55     0   5  0  
 2 Nikita Zadorov           T.J. Brodie              45     0   5  0  

4 vs 4 Forward 
   Center                   Wing                     Time % Phy DF OF 
 1 Leon Draisaitl           Patrick Kane             55     1   2  2  
 2 Vincent Trocheck         Filip Forsberg           45     1   2  2  

4 vs 4 Defense
   Defense                  Defense                  Time % Phy DF OF 
 1 Rasmus Ristolainen       Brandon Montour          55     1   2  2  
 2 Justin Faulk             Mike Matheson            45     1   2  2  

Last Minutes Offensive
   Center                   Left Wing                Right Wing               Defense                  Defense                  
   Leon Draisaitl           Filip Forsberg           Patrick Kane             Justin Faulk             Rasmus Ristolainen       

Last Minutes Defensive
   Center                   Left Wing                Right Wing               Defense                  Defense                  
   Vincent Trocheck         Casey Cizikas            Patrick Kane             Rasmus Ristolainen       Mike Matheson            

Goaltenders
Starting : Matt Murray              
Backup : Casey DeSmith            

Extra Forwards
Normal : Calle Jarnkrok, Jakub Vrana, Scott Laughton - PP : Travis Konecny, Jakub Vrana - PK : Calle Jarnkrok
Extra Defensemen
Normal : Nikita Zadorov, T.J. Brodie, Rasmus Ristolainen - PP : Nikita Zadorov - PK : Justin Faulk, T.J. Brodie
Penalty Shots
Patrick Kane, Leon Draisaitl, Jakub Vrana, Vincent Trocheck, Casey Cizikas
Custom OT Lines Forwards
Patrick Kane, Leon Draisaitl, Filip Forsberg, Vincent Trocheck, Casey Cizikas, Scott Laughton, Kevin Fiala, Jakub Vrana, Calle Jarnkrok, Sean Kuraly
Custom OT Lines Defensemen
Justin Faulk, Brandon Montour, T.J. Brodie, Mike Matheson, Nikita Zadorov

Scratches
Brendan Perlini (Healthy), Ryan Hitchcock (Healthy)

% Time on Ice - Sabres

Lines # - Real PCT - Wanted PCT - Time Play
Normal Forward
1 - 34% - 40% - 18:30
2 - 24% - 30% - 13:05
3 - 23% - 20% - 12:33
4 - 18% - 10% - 9:55
Normal Defense
1 - 35% - 40% - 18:44
2 - 33% - 30% - 17:36
3 - 22% - 20% - 11:39
4 - 11% - 10% - 6:04
PP Forward
1 - 57% - 60% - 1:08
2 - 43% - 40% - 0:51
PP Defense
1 - 59% - 60% - 1:10
2 - 41% - 40% - 0:49
PK Forward
1 - 68% - 60% - 2:41
2 - 32% - 40% - 1:17
PK Defense
1 - 59% - 60% - 2:20
2 - 41% - 40% - 1:38
PK3 Forward
1 - 0% - 60%
2 - 0% - 40%
PK3 Defense
1 - 0% - 60%
2 - 0% - 40%
44 Forward
1 - 0% - 60%
2 - 0% - 40%
44 Defense
1 - 0% - 60%
2 - 0% - 40%
Last Minute Offensive  - 0:00
Last Minute Defensive  - 0:00
Total
Forward - 60:00
Defense - 60:00

% Time on Ice - Flyers

Lines # - Real PCT - Wanted PCT - Time Play
Normal Forward
1 - 32% - 34% - 17:03
2 - 31% - 31% - 17:01
3 - 23% - 25% - 12:25
4 - 14% - 10% - 7:34
Normal Defense
1 - 40% - 40% - 21:50
2 - 35% - 35% - 18:42
3 - 25% - 25% - 13:31
4 - 0% - 0% - 0:00
PP Forward
1 - 58% - 55% - 2:17
2 - 42% - 45% - 1:41
PP Defense
1 - 56% - 55% - 2:13
2 - 44% - 45% - 1:45
PK Forward
1 - 54% - 55% - 1:04
2 - 46% - 45% - 0:55
PK Defense
1 - 34% - 55% - 0:40
2 - 66% - 45% - 1:19
PK3 Forward
1 - 0% - 55%
2 - 0% - 45%
PK3 Defense
1 - 0% - 55%
2 - 0% - 45%
44 Forward
1 - 0% - 55%
2 - 0% - 45%
44 Defense
1 - 0% - 55%
2 - 0% - 45%
Last Minute Offensive  - 0:00
Last Minute Defensive  - 0:00
Total
Forward - 60:00
Defense - 60:00

Play-by-Play

1st period


0:01 of 1st period - Leon Draisaitl wins face-off versus Kevin Hayes in neutral zone.
0:14 of 1st period - Snap shot by Viktor Arvidsson.
0:14 of 1st period - Stopped by Matt Murray without a rebound.
0:15 of 1st period - Paul Stastny wins face-off versus Vincent Trocheck in Flyers zone.
0:18 of 1st period - Wrist shot by Zach Hyman.
0:18 of 1st period - Stopped by Matt Murray without a rebound.
0:19 of 1st period - Paul Stastny wins face-off versus Vincent Trocheck in Flyers zone.
0:24 of 1st period - Wrist shot by Josh Anderson.
0:24 of 1st period - Shot Misses the Net.
0:30 of 1st period - Snap shot by Vincent Trocheck.
0:30 of 1st period - Stopped by Pheonix Copley with a rebound.
0:32 of 1st period - Slapshot by Mike Matheson.
0:32 of 1st period - Deflect By Kevin Shattenkirk.
0:32 of 1st period - Stopped by Pheonix Copley without a rebound.
0:33 of 1st period - Clayton Keller wins face-off versus Casey Cizikas in Sabres zone.
1:25 of 1st period - Snap shot by Leon Draisaitl.
1:25 of 1st period - Shot Blocked by Ryan Carpenter.
1:35 of 1st period - Wrist shot by Leon Draisaitl.
1:35 of 1st period - Stopped by Pheonix Copley without a rebound.
1:36 of 1st period - Vincent Trocheck wins face-off versus Zach Hyman in Sabres zone.
1:40 of 1st period - Minor Penalty to Erik Gudbranson for Delaying the game.
1:41 of 1st period - Leon Draisaitl wins face-off versus Kevin Hayes in Sabres zone.
1:57 of 1st period - Slapshot by Leon Draisaitl.
1:57 of 1st period - Shot Misses the Net.
3:40 of 1st period - Penalty to Erik Gudbranson is over, Erik Gudbranson is back on ice.
4:19 of 1st period - Snap shot by Andre Burakovsky.
4:19 of 1st period - Goal by Andre Burakovsky - Sabres : 1 - Flyers : 0.
4:20 of 1st period - Kevin Hayes wins face-off versus Vincent Trocheck in neutral zone.
4:37 of 1st period - Snap shot by Viktor Arvidsson.
4:37 of 1st period - Shot Misses the Net.
4:39 of 1st period - Minor Penalty to Vincent Trocheck for Slashing.
4:40 of 1st period - Kevin Hayes wins face-off versus Calle Jarnkrok in Flyers zone.
4:41 of 1st period - Wrist shot by Rickard Rakell.
4:41 of 1st period - Deflect By Viktor Arvidsson.
4:41 of 1st period - Shot Misses the Net.
4:41 of 1st period - Puck is out of play.
4:42 of 1st period - Calle Jarnkrok wins face-off versus Kevin Hayes in Flyers zone.
5:13 of 1st period - Scott Laughton is hit by Zach Hyman and loses puck.
5:42 of 1st period - Snap shot by Casey Cizikas.
5:42 of 1st period - Stopped by Pheonix Copley with a rebound.
6:10 of 1st period - Sean Kuraly is hit by Kevin Shattenkirk and loses puck.
6:21 of 1st period - Calle Jarnkrok is hit by Zach Hyman and loses puck.
6:39 of 1st period - Penalty to Vincent Trocheck is over, Vincent Trocheck is back on ice.
6:56 of 1st period - Snap shot by Leon Draisaitl.
6:56 of 1st period - Stopped by Pheonix Copley with a rebound.
7:06 of 1st period - Snap shot by Roman Josi.
7:06 of 1st period - Shot Blocked by Vincent Trocheck.
7:42 of 1st period - Snap shot by Kevin Fiala.
7:42 of 1st period - Shot Misses the Net.
8:40 of 1st period - Icing by Kevin Shattenkirk.
8:41 of 1st period - Andrew Copp wins face-off versus Leon Draisaitl in Sabres zone.
8:41 of 1st period - Andrew Copp is hit by Leon Draisaitl.
9:48 of 1st period - Clayton Keller is hit by Filip Forsberg and loses puck.
9:57 of 1st period - Erik Gudbranson is hit by Patrick Kane and loses puck.
10:02 of 1st period - Wrist shot by Patrick Kane.
10:02 of 1st period - Shot Misses the Net.
10:55 of 1st period - Wrist shot by Clayton Keller.
10:55 of 1st period - Shot Blocked by Rasmus Ristolainen.
10:57 of 1st period - Slapshot by Andrew Copp.
10:57 of 1st period - Deflect By David Backes.
10:57 of 1st period - Goal by David Backes - Sabres : 2 - Flyers : 0.
10:58 of 1st period - Kevin Hayes wins face-off versus Jakub Vrana in neutral zone.
11:48 of 1st period - Wrist shot by Kevin Fiala.
11:48 of 1st period - Deflect By Calle Jarnkrok.
11:48 of 1st period - Stopped by Pheonix Copley without a rebound.
11:49 of 1st period - Sean Kuraly wins face-off versus Ryan Carpenter in Sabres zone.
11:52 of 1st period - Snap shot by Kevin Fiala.
11:52 of 1st period - Stopped by Pheonix Copley with a rebound.
12:25 of 1st period - Slapshot by Kevin Fiala.
12:25 of 1st period - Shot Blocked by Andre Burakovsky.
12:39 of 1st period - Slapshot by Andre Burakovsky.
12:39 of 1st period - Shot Blocked by Calle Jarnkrok.
12:41 of 1st period - Snap shot by Ryan Carpenter.
12:41 of 1st period - Shot Blocked by Mike Matheson.
12:43 of 1st period - Wrist shot by Andre Burakovsky.
12:43 of 1st period - Shot Blocked by Calle Jarnkrok.
12:45 of 1st period - Slapshot by Filip Hronek.
12:45 of 1st period - Shot Misses the Net.
12:47 of 1st period - Snap shot by Joonas Donskoi.
12:47 of 1st period - Shot Misses the Net.
13:11 of 1st period - Wrist shot by Andre Burakovsky.
13:11 of 1st period - Shot Misses the Net.
13:27 of 1st period - Snap shot by Calle Jarnkrok.
13:27 of 1st period - Stopped by Pheonix Copley with a rebound.
13:30 of 1st period - Icing by Filip Hronek.
13:31 of 1st period - Vincent Trocheck wins face-off versus Ryan Carpenter in Sabres zone.
14:30 of 1st period - Snap shot by Patrick Kane.
14:30 of 1st period - Stopped by Pheonix Copley with a rebound.
14:42 of 1st period - Rasmus Ristolainen is hit by Paul Stastny and loses puck.
16:00 of 1st period - Leon Draisaitl is hit by David Backes and loses puck.
16:38 of 1st period - Off-side.
16:39 of 1st period - Sean Kuraly wins face-off versus Clayton Keller in neutral zone.
17:06 of 1st period - Wrist shot by Kevin Labanc.
17:06 of 1st period - Stopped by Pheonix Copley with a rebound.
17:08 of 1st period - Snap shot by Scott Laughton.
17:08 of 1st period - Stopped by Pheonix Copley with a rebound.
17:10 of 1st period - Slapshot by T.J. Brodie.
17:10 of 1st period - Shot Blocked by Ivan Provorov.
17:12 of 1st period - Snap shot by Scott Laughton.
17:12 of 1st period - Stopped by Pheonix Copley with a rebound.
17:24 of 1st period - Wrist shot by Rickard Rakell.
17:24 of 1st period - Stopped by Matt Murray without a rebound.
17:25 of 1st period - Kevin Hayes wins face-off versus Travis Konecny in Flyers zone.
17:32 of 1st period - Snap shot by Kevin Hayes.
17:32 of 1st period - Shot Blocked by Brandon Montour.
18:09 of 1st period - Snap shot by Rickard Rakell.
18:09 of 1st period - Shot Misses the Net.
18:15 of 1st period - Slapshot by Viktor Arvidsson.
18:15 of 1st period - Shot Misses the Net.
18:17 of 1st period - Wrist shot by Viktor Arvidsson.
18:17 of 1st period - Stopped by Matt Murray without a rebound.
18:18 of 1st period - Leon Draisaitl wins face-off versus Josh Anderson in Flyers zone.
18:43 of 1st period - Patrick Kane is hit by Ivan Provorov.
19:29 of 1st period - Slapshot by Kevin Fiala.
19:29 of 1st period - Shot Blocked by Andrew MacDonald.
19:31 of 1st period - Slapshot by Justin Faulk.
19:31 of 1st period - Stopped by Pheonix Copley with a rebound.
19:47 of 1st period - Zach Hyman is hit by Mike Matheson and loses puck.
Goals for this period are 2 for Sabres vs 0 for Flyers.
Shots for this period are 6 for Sabres vs 13 for Flyers.

2nd period


0:01 of 2nd period - Kevin Hayes wins face-off versus Vincent Trocheck in neutral zone.
0:04 of 2nd period - Wrist shot by Kevin Hayes.
0:04 of 2nd period - Shot Misses the Net.
0:26 of 2nd period - T.J. Brodie is hit by Paul Stastny.
0:52 of 2nd period - Snap shot by Andrew Copp.
0:52 of 2nd period - Shot Blocked by Casey Cizikas.
1:16 of 2nd period - Wrist shot by Andre Burakovsky.
1:16 of 2nd period - Shot Misses the Net.
1:39 of 2nd period - Snap shot by Justin Faulk.
1:39 of 2nd period - Deflect By Calle Jarnkrok.
1:39 of 2nd period - Shot Misses the Net.
1:39 of 2nd period - Puck is out of play.
1:40 of 2nd period - Vincent Trocheck wins face-off versus Zach Hyman in Sabres zone.
1:41 of 2nd period - Wrist shot by Travis Konecny.
1:41 of 2nd period - Deflect By Vincent Trocheck.
1:41 of 2nd period - Stopped by Pheonix Copley with a rebound.
2:05 of 2nd period - Kevin Hayes is hit by Leon Draisaitl and loses puck.
2:16 of 2nd period - Snap shot by Kevin Hayes.
2:16 of 2nd period - Shot Misses the Net.
2:47 of 2nd period - Josh Anderson is hit by Vincent Trocheck and loses puck.
2:54 of 2nd period - Snap shot by Vincent Trocheck.
2:54 of 2nd period - Deflect By Rasmus Dahlin.
2:54 of 2nd period - Shot Misses the Net.
2:54 of 2nd period - Puck is out of play.
2:55 of 2nd period - Leon Draisaitl wins face-off versus Kevin Hayes in Sabres zone.
2:58 of 2nd period - Wrist shot by Leon Draisaitl.
2:58 of 2nd period - Shot Blocked by Viktor Arvidsson.
3:04 of 2nd period - Snap shot by Filip Forsberg.
3:04 of 2nd period - Stopped by Pheonix Copley with a rebound.
3:06 of 2nd period - Snap shot by Leon Draisaitl.
3:06 of 2nd period - Stopped by Pheonix Copley without a rebound.
3:07 of 2nd period - Kevin Hayes wins face-off versus Vincent Trocheck in Sabres zone.
3:07 of 2nd period - Kevin Hayes is hit by Justin Faulk.
3:29 of 2nd period - Minor Penalty to Rickard Rakell for Hooking.
3:30 of 2nd period - Kevin Hayes wins face-off versus Leon Draisaitl in Sabres zone.
4:38 of 2nd period - Backhand shot by David Backes.
4:38 of 2nd period - Stopped by Matt Murray with a rebound.
4:48 of 2nd period - Ivan Provorov is hit by Travis Konecny and loses puck.
5:13 of 2nd period - Patrick Kane is hit by Ivan Provorov and loses puck.
5:29 of 2nd period - Penalty to Rickard Rakell is over, Rickard Rakell is back on ice.
5:34 of 2nd period - Snap shot by Andre Burakovsky.
5:34 of 2nd period - Stopped by Matt Murray with a rebound.
5:36 of 2nd period - Wrist shot by Andre Burakovsky.
5:36 of 2nd period - Stopped by Matt Murray with a rebound.
7:02 of 2nd period - Off-side.
7:03 of 2nd period - Sean Kuraly wins face-off versus Clayton Keller in neutral zone.
7:08 of 2nd period - Snap shot by Kevin Fiala.
7:08 of 2nd period - Shot Blocked by Ivan Provorov.
7:32 of 2nd period - Snap shot by Viktor Arvidsson.
7:32 of 2nd period - Stopped by Matt Murray without a rebound.
7:33 of 2nd period - Kevin Hayes wins face-off versus Vincent Trocheck in Flyers zone.
7:34 of 2nd period - Wrist shot by Viktor Arvidsson.
7:34 of 2nd period - Shot Blocked by Jakub Vrana.
7:52 of 2nd period - Snap shot by Rickard Rakell.
7:52 of 2nd period - Shot Blocked by Nikita Zadorov.
8:02 of 2nd period - Slapshot by Kevin Hayes.
8:02 of 2nd period - Stopped by Matt Murray without a rebound.
8:03 of 2nd period - Paul Stastny wins face-off versus Leon Draisaitl in Flyers zone.
8:26 of 2nd period - Slapshot by Leon Draisaitl.
8:26 of 2nd period - Stopped by Pheonix Copley with a rebound.
8:38 of 2nd period - Snap shot by Leon Draisaitl.
8:38 of 2nd period - Shot Misses the Net.
8:52 of 2nd period - Wrist shot by Josh Anderson.
8:52 of 2nd period - Shot Misses the Net.
8:54 of 2nd period - Wrist shot by Roman Josi.
8:54 of 2nd period - Stopped by Matt Murray with a rebound.
8:56 of 2nd period - Slapshot by Zach Hyman.
8:56 of 2nd period - Stopped by Matt Murray with a rebound.
8:58 of 2nd period - Slapshot by Roman Josi.
8:58 of 2nd period - Shot Misses the Net.
9:06 of 2nd period - Wrist shot by Paul Stastny.
9:06 of 2nd period - Shot Misses the Net.
9:10 of 2nd period - Slapshot by Paul Stastny.
9:10 of 2nd period - Shot Blocked by Leon Draisaitl.
9:12 of 2nd period - Wrist shot by Zach Hyman.
9:12 of 2nd period - Shot Misses the Net.
9:14 of 2nd period - Slapshot by Josh Anderson.
9:14 of 2nd period - Shot Misses the Net.
9:16 of 2nd period - Slapshot by Josh Anderson.
9:16 of 2nd period - Stopped by Matt Murray without a rebound.
9:17 of 2nd period - Vincent Trocheck wins face-off versus Kevin Hayes in Flyers zone.
9:34 of 2nd period - Snap shot by Kevin Hayes.
9:34 of 2nd period - Stopped by Matt Murray without a rebound.
9:35 of 2nd period - Kevin Labanc wins face-off versus Andrew Copp in Flyers zone.
9:40 of 2nd period - Wrist shot by Brandon Montour.
9:40 of 2nd period - Stopped by Pheonix Copley without a rebound.
9:41 of 2nd period - Clayton Keller wins face-off versus Casey Cizikas in Sabres zone.
9:41 of 2nd period - Clayton Keller is hit by Kevin Labanc.
9:57 of 2nd period - Snap shot by Scott Laughton.
9:57 of 2nd period - Stopped by Pheonix Copley with a rebound.
10:37 of 2nd period - Wrist shot by Joonas Donskoi.
10:37 of 2nd period - Shot Blocked by Justin Faulk.
10:39 of 2nd period - Snap shot by Kevin Shattenkirk.
10:39 of 2nd period - Shot Misses the Net.
11:04 of 2nd period - Roman Josi is hit by Filip Forsberg and loses puck.
11:19 of 2nd period - Casey Cizikas is hit by Ivan Provorov and loses puck.
11:24 of 2nd period - Snap shot by Kevin Hayes.
11:24 of 2nd period - Shot Blocked by Nikita Zadorov.
11:26 of 2nd period - Snap shot by Rickard Rakell.
11:26 of 2nd period - Stopped by Matt Murray without a rebound.
11:27 of 2nd period - Paul Stastny wins face-off versus Vincent Trocheck in Flyers zone.
11:28 of 2nd period - Slapshot by Josh Anderson.
11:28 of 2nd period - Shot Misses the Net.
11:34 of 2nd period - Filip Hronek is hit by Vincent Trocheck and loses puck.
11:47 of 2nd period - Travis Konecny is hit by Josh Anderson and loses puck.
12:20 of 2nd period - Patrick Kane is hit by Clayton Keller.
12:46 of 2nd period - Slapshot by Joonas Donskoi.
12:46 of 2nd period - Shot Misses the Net.
12:48 of 2nd period - Slapshot by Ryan Carpenter.
12:48 of 2nd period - Deflect By Joonas Donskoi.
12:48 of 2nd period - Stopped by Matt Murray without a rebound.
12:49 of 2nd period - Kevin Hayes wins face-off versus Vincent Trocheck in Flyers zone.
12:50 of 2nd period - Snap shot by Rickard Rakell.
12:50 of 2nd period - Stopped by Matt Murray with a rebound.
13:39 of 2nd period - Snap shot by Rickard Rakell.
13:39 of 2nd period - Shot Misses the Net.
13:41 of 2nd period - Snap shot by Rickard Rakell.
13:41 of 2nd period - Stopped by Matt Murray without a rebound.
13:42 of 2nd period - Vincent Trocheck wins face-off versus Zach Hyman in Flyers zone.
14:09 of 2nd period - Andrew Copp is hit by Casey Cizikas and loses puck.
14:20 of 2nd period - Snap shot by Kevin Labanc.
14:20 of 2nd period - Shot Misses the Net.
14:55 of 2nd period - Snap shot by Travis Konecny.
14:55 of 2nd period - Shot Misses the Net.
17:22 of 2nd period - Snap shot by Andre Burakovsky.
17:22 of 2nd period - Shot Misses the Net.
17:34 of 2nd period - Andre Burakovsky is hit by Leon Draisaitl.
18:10 of 2nd period - Snap shot by Joonas Donskoi.
18:10 of 2nd period - Shot Blocked by Brandon Montour.
18:33 of 2nd period - Wrist shot by Andre Burakovsky.
18:33 of 2nd period - Goal by Andre Burakovsky - Sabres : 3 - Flyers : 0.
18:34 of 2nd period - Kevin Hayes wins face-off versus Vincent Trocheck in neutral zone.
18:41 of 2nd period - Mike Matheson is hit by Roman Josi and loses puck.
19:07 of 2nd period - Slapshot by Josh Anderson.
19:07 of 2nd period - Shot Misses the Net.
19:09 of 2nd period - Snap shot by Paul Stastny.
19:09 of 2nd period - Shot Misses the Net.
19:11 of 2nd period - Snap shot by Josh Anderson.
19:11 of 2nd period - Deflect By Mike Matheson.
19:11 of 2nd period - Stopped by Matt Murray without a rebound.
19:12 of 2nd period - Vincent Trocheck wins face-off versus Viktor Arvidsson in Flyers zone.
19:18 of 2nd period - Off-side.
19:19 of 2nd period - Kevin Hayes wins face-off versus Vincent Trocheck in neutral zone.
Goals for this period are 1 for Sabres vs 0 for Flyers.
Shots for this period are 15 for Sabres vs 6 for Flyers.

3rd period


0:01 of 3rd period - Kevin Hayes wins face-off versus Vincent Trocheck in neutral zone.
0:04 of 3rd period - Mike Matheson is hit by Ivan Provorov and loses puck.
0:58 of 3rd period - Snap shot by Viktor Arvidsson.
0:58 of 3rd period - Shot Misses the Net.
1:25 of 3rd period - Icing by Kevin Shattenkirk.
1:26 of 3rd period - Vincent Trocheck wins face-off versus Kevin Hayes in Sabres zone.
1:33 of 3rd period - Slapshot by Vincent Trocheck.
1:33 of 3rd period - Stopped by Pheonix Copley with a rebound.
1:35 of 3rd period - Slapshot by Brandon Montour.
1:35 of 3rd period - Deflect By Jakub Vrana.
1:35 of 3rd period - Stopped by Pheonix Copley without a rebound.
1:36 of 3rd period - Paul Stastny wins face-off versus Travis Konecny in Sabres zone.
2:22 of 3rd period - Wrist shot by Vincent Trocheck.
2:22 of 3rd period - Shot Misses the Net.
2:24 of 3rd period - Wrist shot by Travis Konecny.
2:24 of 3rd period - Shot Blocked by Andre Burakovsky.
2:26 of 3rd period - Slapshot by Rasmus Ristolainen.
2:26 of 3rd period - Shot Blocked by Ivan Provorov.
2:28 of 3rd period - Snap shot by Vincent Trocheck.
2:28 of 3rd period - Stopped by Pheonix Copley with a rebound.
2:56 of 3rd period - Snap shot by Travis Konecny.
2:56 of 3rd period - Shot Misses the Net.
2:58 of 3rd period - Snap shot by Rasmus Ristolainen.
2:58 of 3rd period - Deflect By Travis Konecny.
2:58 of 3rd period - Shot Blocked by Madison Bowey.
2:58 of 3rd period - Puck is out of play.
2:59 of 3rd period - Casey Cizikas wins face-off versus Clayton Keller in Sabres zone.
3:15 of 3rd period - Icing by Kevin Shattenkirk.
3:16 of 3rd period - Clayton Keller wins face-off versus Leon Draisaitl in Sabres zone.
3:21 of 3rd period - David Backes is hit by Filip Forsberg and loses puck.
3:48 of 3rd period - Snap shot by Scott Laughton.
3:48 of 3rd period - Stopped by Pheonix Copley without a rebound.
3:49 of 3rd period - Leon Draisaitl wins face-off versus Kevin Hayes in Sabres zone.
4:06 of 3rd period - Slapshot by Leon Draisaitl.
4:06 of 3rd period - Stopped by Pheonix Copley with a rebound.
4:25 of 3rd period - Off-side.
4:26 of 3rd period - Vincent Trocheck wins face-off versus Paul Stastny in neutral zone.
4:29 of 3rd period - Slapshot by Brandon Montour.
4:29 of 3rd period - Stopped by Pheonix Copley without a rebound.
4:30 of 3rd period - Vincent Trocheck wins face-off versus Paul Stastny in Sabres zone.
4:35 of 3rd period - Snap shot by Vincent Trocheck.
4:35 of 3rd period - Stopped by Pheonix Copley with a rebound.
4:37 of 3rd period - Wrist shot by Brandon Montour.
4:37 of 3rd period - Shot Blocked by Paul Stastny.
4:39 of 3rd period - Slapshot by Brandon Montour.
4:39 of 3rd period - Shot Blocked by Kevin Shattenkirk.
4:41 of 3rd period - Backhand shot by Travis Konecny.
4:41 of 3rd period - Stopped by Pheonix Copley with a rebound.
5:07 of 3rd period - Snap shot by Kevin Hayes.
5:07 of 3rd period - Stopped by Matt Murray without a rebound.
5:08 of 3rd period - Vincent Trocheck wins face-off versus Zach Hyman in Flyers zone.
5:56 of 3rd period - Slapshot by Andrew Copp.
5:56 of 3rd period - Stopped by Matt Murray without a rebound.
5:57 of 3rd period - Clayton Keller wins face-off versus Leon Draisaitl in Flyers zone.
6:10 of 3rd period - Snap shot by Clayton Keller.
6:10 of 3rd period - Stopped by Matt Murray with a rebound.
6:12 of 3rd period - Slapshot by Kevin Shattenkirk.
6:12 of 3rd period - Stopped by Matt Murray with a rebound.
6:31 of 3rd period - Icing by Viktor Arvidsson.
6:32 of 3rd period - Vincent Trocheck wins face-off versus Kevin Hayes in Sabres zone.
6:55 of 3rd period - Backhand shot by Rickard Rakell.
6:55 of 3rd period - Stopped by Matt Murray without a rebound.
6:56 of 3rd period - Casey Cizikas wins face-off versus Paul Stastny in Flyers zone.
6:56 of 3rd period - Casey Cizikas is hit by Zach Hyman.
7:27 of 3rd period - Snap shot by Clayton Keller.
7:27 of 3rd period - Stopped by Matt Murray with a rebound.
7:57 of 3rd period - Wrist shot by Viktor Arvidsson.
7:57 of 3rd period - Stopped by Matt Murray without a rebound.
7:58 of 3rd period - Leon Draisaitl wins face-off versus Paul Stastny in Flyers zone.
8:48 of 3rd period - Nikita Zadorov is hit by David Backes and loses puck.
8:55 of 3rd period - Wrist shot by Andrew Copp.
8:55 of 3rd period - Stopped by Matt Murray without a rebound.
8:56 of 3rd period - Paul Stastny wins face-off versus Jakub Vrana in Flyers zone.
9:23 of 3rd period - Kevin Hayes is hit by Casey Cizikas and loses puck.
9:28 of 3rd period - Wrist shot by Kevin Labanc.
9:28 of 3rd period - Deflect By Scott Laughton.
9:28 of 3rd period - Shot Misses the Net.
9:28 of 3rd period - Puck is out of play.
9:29 of 3rd period - Leon Draisaitl wins face-off versus Kevin Hayes in Sabres zone.
9:30 of 3rd period - Wrist shot by Patrick Kane.
9:30 of 3rd period - Stopped by Pheonix Copley with a rebound.
9:58 of 3rd period - Snap shot by Kevin Labanc.
9:58 of 3rd period - Shot Misses the Net.
10:00 of 3rd period - Snap shot by Brandon Montour.
10:00 of 3rd period - Stopped by Pheonix Copley without a rebound.
10:01 of 3rd period - Casey Cizikas wins face-off versus Paul Stastny in Sabres zone.
10:48 of 3rd period - Slapshot by Kevin Shattenkirk.
10:48 of 3rd period - Stopped by Matt Murray with a rebound.
10:50 of 3rd period - Wrist shot by Ryan Carpenter.
10:50 of 3rd period - Shot Misses the Net.
11:52 of 3rd period - Rasmus Dahlin is hit by Rasmus Ristolainen.
12:22 of 3rd period - Slapshot by Paul Stastny.
12:22 of 3rd period - Stopped by Matt Murray with a rebound.
12:24 of 3rd period - Snap shot by Paul Stastny.
12:24 of 3rd period - Shot Blocked by Justin Faulk.
12:38 of 3rd period - Snap shot by Calle Jarnkrok.
12:38 of 3rd period - Shot Misses the Net.
12:40 of 3rd period - Snap shot by Sean Kuraly.
12:40 of 3rd period - Shot Blocked by Andre Burakovsky.
12:42 of 3rd period - Snap shot by Kevin Fiala.
12:42 of 3rd period - Goal by Kevin Fiala - Sabres : 3 - Flyers : 1.
12:43 of 3rd period - Vincent Trocheck wins face-off versus Kevin Hayes in neutral zone.
13:14 of 3rd period - Snap shot by Paul Stastny.
13:14 of 3rd period - Shot Misses the Net.
13:19 of 3rd period - Rasmus Ristolainen is hit by Paul Stastny and loses puck.
14:52 of 3rd period - Clayton Keller is hit by Rasmus Ristolainen and loses puck.
14:59 of 3rd period - Patrick Kane is hit by David Backes.
15:13 of 3rd period - Kevin Shattenkirk is hit by Rasmus Ristolainen and loses puck.
15:28 of 3rd period - Jakub Vrana is hit by Viktor Arvidsson and loses puck.
15:39 of 3rd period - Kevin Shattenkirk is hit by Vincent Trocheck and loses puck.
15:50 of 3rd period - Snap shot by Vincent Trocheck.
15:50 of 3rd period - Shot Misses the Net.
16:37 of 3rd period - Icing by Kevin Shattenkirk.
16:38 of 3rd period - Kevin Hayes wins face-off versus Casey Cizikas in Sabres zone.
16:47 of 3rd period - Wrist shot by Rickard Rakell.
16:47 of 3rd period - Shot Misses the Net.
16:53 of 3rd period - Erik Gudbranson is hit by Scott Laughton.
17:01 of 3rd period - Nikita Zadorov is hit by Kevin Hayes and loses puck.
17:26 of 3rd period - Wrist shot by Josh Anderson.
17:26 of 3rd period - Stopped by Matt Murray without a rebound.
17:27 of 3rd period - Sean Kuraly wins face-off versus Josh Anderson in Flyers zone.
17:34 of 3rd period - Rasmus Dahlin is hit by Rasmus Ristolainen and loses puck.
17:43 of 3rd period - Snap shot by Calle Jarnkrok.
17:43 of 3rd period - Deflect By Paul Stastny.
17:43 of 3rd period - Stopped by Pheonix Copley with a rebound.
17:45 of 3rd period - Slapshot by Brandon Montour.
17:45 of 3rd period - Deflect By Kevin Fiala.
17:45 of 3rd period - Shot Misses the Net.
17:45 of 3rd period - Puck is out of play.
17:46 of 3rd period - Casey Cizikas wins face-off versus Clayton Keller in Sabres zone.
17:47 of 3rd period - Slapshot by Kevin Labanc.
17:47 of 3rd period - Shot Misses the Net.
18:11 of 3rd period - Filip Forsberg is hit by Ivan Provorov and loses puck.
18:34 of 3rd period - Snap shot by Travis Konecny.
18:34 of 3rd period - Deflect By Vincent Trocheck.
18:34 of 3rd period - Shot Misses the Net.
18:34 of 3rd period - Puck is out of play.
18:35 of 3rd period - Vincent Trocheck wins face-off versus Josh Anderson in Sabres zone.
Goals for this period are 0 for Sabres vs 1 for Flyers.
Shots for this period are 11 for Sabres vs 12 for Flyers.